 Dungeon Crawl Stone Soup version 0.21-a0-150-gc243083 (webtiles) character file.

161 tehllama the Digger (level 5, -1/28 HPs)
             Began as a Gargoyle Earth Elementalist on July 28, 2017.
             Slain by an orc
             ... wielding a +0 hand axe
              (2 damage)
             ... on level 3 of the Dungeon.
             The game lasted 00:06:14 (2782 turns).

tehllama the Digger (Gargoyle Earth Elementalist)   Turns: 2782, Time: 00:06:14

Health: -1/28      AC:  7    Str: 16    XL:     5   Next: 42%
Magic:  11/19      EV: 12    Int: 17    God:
Gold:   48         SH:  0    Dex: 10    Spells: 6/10 levels left

rFire    . . .     SeeInvis .   q - +0 whip
rCold    . . .     Gourm    .   (no shield)
rNeg     + . .     Faith    .   c - +0 robe
rPois    ∞         Spirit   .   (no helmet)
rElec    +         Reflect  .   h - scarf {repulsion}
rCorr    .         Harm     .   u - +0 pair of gloves
MR       +....     Clarity  +   (no boots)
Stlth    ++........             (no amulet)
HPRegen  0.09/turn              n - ring of magical power
MPRegen  0.16/turn              (no ring)

@: mighty, repel missiles
A: clarity, magic resistance 1, negative energy resistance 1, electricity
resistance, unbreathing, petrification resistance, rot immunity, AC +4
a: no special abilities


You were on level 3 of the Dungeon.
You were not hungry.

You visited 1 branch of the dungeon, and saw 3 of its levels.

You collected 48 gold pieces.

Inventory:

Hand Weapons
 g - a +1 club
 q - a +0 whip (weapon)
Missiles
 b - 69 stones (quivered)
Armour
 c - a +0 robe (worn)
 h - a scarf of repulsion (worn)
 u - a +0 pair of gloves (worn)
Jewellery
 n - a ring of magical power (left hand)
Scrolls
 i - 4 scrolls of teleportation
 k - 2 scrolls of amnesia
 o - 3 scrolls of enchant weapon
 r - 3 scrolls of remove curse
 s - a scroll of magic mapping {unknown}
Potions
 a - a potion of curing {unknown}
 f - a potion of berserk rage {unknown}
 j - a potion of brilliance {unknown}
 m - 2 potions of mutation
 p - a potion of might
 t - a potion of haste {unknown}
 v - a potion of cancellation {unknown}
Books
 e - a book of Geomancy

   Spells                             Type                      Level
   a - Sandblast                      Earth                        1
   b - Passwall                       Transmutation/Earth          2
   c - Stone Arrow                    Conjuration/Earth            3
   d - Petrify                        Transmutation/Earth          4
   e - Lee's Rapid Deconstruction     Earth                        5
Comestibles
 d - a bread ration
 l - 4 chunks of flesh


   Skills:
 - Level 1.5 Dodging
 - Level 2.1 Stealth
 + Level 3.4 Spellcasting
 + Level 2.3 Conjurations
   Level 0.7 Transmutations
 + Level 5.2 Earth Magic


You had 6 spell levels left.
You knew the following spells:

 Your Spells              Type           Power        Failure   Level  Hunger
a - Sandblast             Erth           ###...       1%          1    None
b - Stone Arrow           Conj/Erth      ###...       11%         3    ###....


Dungeon Overview and Level Annotations

Branches:
Dungeon (3/15)

Altars:


Innate Abilities, Weirdness & Mutations

You are resistant to torment.
Your stone body is resilient. (AC +4)
You are immune to poison.
You resist negative energy. (rN+)
You are resistant to electric shocks. (rElec)
You can survive without breathing.
You are immune to petrification.
You are immune to rotting.
You possess an exceptional clarity of mind.
You are resistant to hostile enchantments. (MR+)


Message History

The orc priest is almost dead.
b - 70 stones The orc priest hits you with a hand axe.
* * * LOW HITPOINT WARNING * * *
Casting: Sandblast
Confirm with . or Enter, or press ? or * to list all spells.
Aiming: Sandblast
Press: ? - help, Shift-Dir - straight line, f/p - orc priest
Aim: an orc priest, wielding a hand axe and wearing a leather armour (almost dead)
The blast of sand hits the orc priest.
You kill the orc priest!
b - 69 stones It was a potion of mutation.
You feel extremely strange.
You feel resistant to hostile enchantments.
Your thoughts seem clearer.
The orc barely misses you.
It was a potion of might.
You feel very mighty all of a sudden. The orc hits you with a hand axe.
You die...

#.......g.#..........##.#
#.........#..........##.#
#.........#.(........##.#
#....o.o..#..........##.#
#....o....#.......)..'..#
#..ro.....#..........###.
#..(......#..............
#o#####..............
#gro@................
####################.
#... #.#. #.## #... ####


You could see 2 orcs, a quokka and a hobgoblin.

Vanquished Creatures
  An orc priest (D:3)
  Terence (D:2)
  5 adders
  2 dart slugs
  A leopard gecko (D:2)
  An orc (D:3)
  A giant cockroach (D:1)
  5 goblins
  10 hobgoblins
  3 jackals (D:2)
  6 kobolds
  A ball python (D:2)
  9 bats
  3 frilled lizards
  10 rats
59 creatures vanquished.

Vanquished Creatures (others)
  An orc (D:3)
1 creature vanquished.

Grand Total: 60 creatures vanquished

Notes
Turn   | Place    | Note
-------+----------+-------------------------------------------
     0 | D:1      | tehllama the Gargoyle Earth Elementalist began the quest for the Orb.
     0 | D:1      | Reached XP level 1. HP: 10/10 MP: 3/3
   430 | D:1      | Reached skill level 4 in Earth Magic
   430 | D:1      | Reached XP level 2. HP: 13/15 MP: 0/5
  1327 | D:1      | Reached XP level 3. HP: 19/19 MP: 2/6
  1332 | D:1      | Learned a level 3 spell: Stone Arrow
  1486 | D:2      | Noticed Terence
  1564 | D:2      | Killed Terence
  1564 | D:2      | Reached skill level 1 in Conjurations
  1564 | D:2      | Reached XP level 4. HP: 24/24 MP: 7/8
  2166 | D:2      | Reached skill level 5 in Earth Magic
  2192 | D:2      | Reached XP level 5. HP: 27/28 MP: 9/9
  2779 | D:3      | HP: 1/28 [orc priest/hand axe (6)]
  2781 | D:3      | Gained mutation: You are resistant to hostile enchantments. (MR+) [potion of mutation]
  2781 | D:3      | Gained mutation: You possess an exceptional clarity of mind. [potion of mutation]
  2782 | D:3      | Slain by an orc

Vault maps used:
D:1:      lightli_arrival_quake
D:2:      st_stairs_8, minmay_hedge_maze, uniq_terence
D:3:      serial_corexii_hall, corexii_hall_statues_u, corexii_hall_statues_i,
          grunt_qazlal_clouds

Skill      XL: |  1  2  3  4  5 |
---------------+----------------+-----
Earth Magic    | 4 5 |  5.2
Conjurations   | 1 2 |  2.3
Spellcasting   | 3 |  3.4
Dodging        | |  1.5
Stealth        | |  2.1
Transmutations | |  0.7

Action                   |  1- 3 |  4- 6 || total
-------------------------+-------+-------++-------
Melee: Unarmed           |    26 |       ||    26
       Club              |    36 |    15 ||    51
       Whip              |       |    29 ||    29
 Cast: Sandblast         |    36 |    14 ||    50
       Stone Arrow       |     1 |    22 ||    23
  Use: Scroll            |       |     5 ||     5
       Potion            |       |     2 ||     2
  Eat: Chunk             |     2 |     7 ||     9
Armor: Robe              |    30 |    24 ||    54
Dodge: Dodged            |    77 |    37 ||   114
       Deflected         |       |     1 ||     1
